 Dungeon Crawl Stone Soup version 0.28-a0-465-ge2dae52223 (webtiles) character file.

Game seed: 5496569401293123118

466 flyleaff the Chiller (level 7, 0/51 HPs)
             Began as a Formicid Ice Elementalist on Sept 14, 2021.
             Was a Follower of Makhleb.
             Succumbed to a scorpion's poison
             ... on level 4 of the Dungeon.
             The game lasted 00:14:54 (3887 turns).

flyleaff the Chiller (Formicid Ice Elementalist)    Turns: 3887, Time: 00:14:54

Health: 0/51       AC:  4    Str: 15    XL:     7   Next: 30%
Magic:  10/13      EV: 12    Int: 16    God:    Makhleb [*.....]
Gold:   69         SH:  0    Dex: 14    Spells: 1/15 levels left

rFire   + . .      SeeInvis +   l - +1 flail (holy)
rCold   + . .      Faith    .   (no shield)
rNeg    . . .      Spirit   .   a - +1 robe
rPois   +          Reflect  .   (helmet unavailable)
rElec   .          Harm     .   s - +0 cloak
rCorr   .          Rampage  .   (no gloves)
Will    .....                   (no boots)
Stlth   ++........              (no amulet)
HPRegen 0.17/turn               b - ring of Unakkil {+Blink rPois rC+ Dex+3}
MPRegen 0.13/turn               (no ring)

@: mighty, lethally poisoned (0 -> -5), very slightly contaminated, invisible
A: permanent stasis, dig shafts and tunnels, antennae 3, four strong arms, claws
1, fire resistance 1, strong 1
a: Dig, Shaft Self, Renounce Religion


You were on level 4 of the Dungeon.
You worshipped Makhleb.
Makhleb was aware of your devotion.
You visited 1 branch of the dungeon, and saw 4 of its levels.

You collected 69 gold pieces.

Inventory:

Hand Weapons
 l - a +1 flail of holy wrath (weapon)
 r - a +0 trident of pain
Missiles
 h - a throwing net
 i - 2 atropa-tipped darts
 k - 107 stones (quivered)
 o - 8 poisoned darts
 p - 3 boomerangs
Armour
 a - a +1 robe (worn)
 q - a +0 leather armour
 s - a +0 cloak (worn)
Jewellery
 b - the ring of Unakkil (left claw) {+Blink rPois rC+ Dex+3}
   (You acquired it on level 2 of the Dungeon)

   [ring of poison resistance]

   Dex:       It affects your dexterity (+3).
   rC:        It protects you from cold.
   rPois:     It protects you from poison.
   +Blink:    It lets you blink.
 f - a ring of fire
 g - a ring of protection from cold
 m - an amulet of faith
Scrolls
 c - a scroll of fog
Potions
 e - a potion of invisibility


   Skills:
 - Level 2.3 Fighting
 - Level 1.7 Dodging
 - Level 2.4 Stealth
 - Level 4.5 Spellcasting
 * Level 2.7 Conjurations
 + Level 2.4 Hexes
 + Level 2.0 Necromancy
 - Level 4.7 Ice Magic


You had one spell level left.
You knew the following spells:

 Your Spells              Type           Power      Damage    Failure   Level
a - Freeze                Ice            72%        1d9       2%          1
b - Frozen Ramparts       Ice            36%        1d5       7%          3
c - Tukima's Dance        Hex            11%        N/A       19%         3
d - Hailstorm             Conj/Ice       15%        3d5       34%         4
e - Ozocubu's Armour      Ice            18%        N/A       7%          3

Your spell library contained the following spells:

 Spells                   Type           Power      Damage    Failure   Level
 Ensorcelled Hibernation  Hex/Ice        30%        N/A       5%          2
 Scorch                   Fire           6%         2d5       24%         2
 Flame Wave               Conj/Fire      8%         3d4       65%         4
 Summon Cactus Giant      Summ           1%         N/A       100%        6


Dungeon Overview and Level Annotations

Branches:
Dungeon (4/15)
 Temple: D:4-7

Altars:
Elyvilon
Fedhas
Hepliaklqana
Makhleb
Nemelex Xobeh
Ru
Sif Muna
Trog
Xom
Yredelemnul
The Shining One


Innate Abilities, Weirdness & Mutations

You cannot be hasted, slowed, berserked, paralysed or teleported.
You can dig through walls and to a lower floor.
You have a pair of large antennae on your head. (SInv)
Your four strong arms can wield two-handed weapons with a shield.
You have sharp fingernails.
Your flesh is heat resistant. (rF+)
Your muscles are strong. (Str +2)


Message History

You are poisoned.
The scorpion poisons you!
The wall freezes the scorpion.
You closely miss the scorpion.
The scorpion is moderately wounded.
You feel very sick.
The wall freezes the scorpion.
The scorpion stings you.
The wall freezes the scorpion. x2; The scorpion stings you.
You are lethally poisoned!
The scorpion poisons you!
You hit the scorpion.
You kill the scorpion!
Makhleb accepts your kill.
* * * LOW HITPOINT WARNING * * *
You feel very sick.
The wall freezes the scorpion. x2
You kill the scorpion!
Makhleb accepts your kill.
Your Hexes skill increases to level 2!
Your Necromancy skill increases to level 2!
You have reached level 7!
Unknown command.
Unknown command.
It was a potion of haste.
Your stasis prevents you from being hasted.
* * * LOW HITPOINT WARNING * * *
You feel very sick.
It was a potion of mutation.
You feel extremely strange.
You feel resistant to heat.
Your fingernails lengthen.
You feel stronger.
* * * LOW HITPOINT WARNING * * *
You feel very sick.
You fade into invisibility!
The frozen ramparts melt away.
* * * LOW HITPOINT WARNING * * *
You feel sick.
You are very lightly contaminated with residual magic.
You feel very mighty all of a sudden.
* * * LOW HITPOINT WARNING * * *
You feel sick.
You fade further into invisibility.
You die...

###.#####
#.......
.......
#####.#..#
#.......# #
#......# {.#
#..##@# ..
#.<##†# h.
#.....# .#
##.##)#..#
...##....#
#..............
#######.......#
#.......#
#.#...###


There were no monsters in sight!

Vanquished Creatures
  An ogre (D:3)
  A bullfrog (D:3)
  2 scorpions (D:4)
  An orc priest (D:3)
  An orc wizard (D:3)
  4 gnolls (D:2)
  An adder (D:3)
  2 adder zombies (D:2)
  An adder skeleton (D:2)
  8 orcs (D:3)
  2 bat zombies (D:2)
  8 endoplasms
  7 giant cockroaches
  7 goblins
  4 hobgoblins
  3 jackals (D:1)
  8 kobolds
  4 ball pythons
  2 ball python skeletons (D:2)
  5 bats
  A frilled lizard (D:3)
  7 rats
80 creatures vanquished.

Vanquished Creatures (collateral kills)
  A rat (D:2)
1 creature vanquished.

Grand Total: 81 creatures vanquished

Notes
Turn   | Place    | Note
-------+----------+-------------------------------------------
     0 | D:1      | flyleaff the Formicid Ice Elementalist began the quest for
                  | the Orb.
     0 | D:1      | Reached XP level 1. HP: 13/13 MP: 3/3
   173 | D:1      | Reached XP level 2. HP: 15/19 MP: 0/5
   907 | D:1      | Reached XP level 3. HP: 22/25 MP: 7/7
   911 | D:1      | Learned a level 3 spell: Frozen Ramparts
  1314 | D:2      | Reached skill level 1 in Fighting
  1316 | D:2      | Reached XP level 4. HP: 17/32 MP: 4/9
  1574 | D:2      | Identified a scroll of acquirement
  1574 | D:2      | Acquired the ring of Unakkil {+Blink rPois rC+ Dex+3}
  1786 | D:2      | Learned a level 3 spell: Tukima's Dance
  2324 | D:2      | Found a faded altar of an unknown god.
  2735 | D:3      | Found a sacrificial altar of Ru.
  2735 | D:3      | Found a white marble altar of Elyvilon.
  2741 | D:3      | Found a bloodstained altar of Trog.
  2742 | D:3      | Found a shimmering altar of Xom.
  2742 | D:3      | Found a shimmering blue altar of Sif Muna.
  2742 | D:3      | Found a glowing golden altar of the Shining One.
  2742 | D:3      | Found a hazy altar of Hepliaklqana.
  2742 | D:3      | Found a burning altar of Makhleb.
  2745 | D:3      | Reached XP level 5. HP: 38/38 MP: 11/11
  2746 | D:3      | Found a blossoming altar of Fedhas.
  2747 | D:3      | Found a basalt altar of Yredelemnul.
  2748 | D:3      | Found a sparkling altar of Nemelex Xobeh.
  2757 | D:3      | Became a worshipper of Makhleb the Destroyer
  3145 | D:3      | Reached * piety under Makhleb
  3323 | D:3      | Reached XP level 6. HP: 38/45 MP: 12/12
  3328 | D:3      | Learned a level 4 spell: Hailstorm
  3332 | D:3      | Learned a level 3 spell: Ozocubu's Armour
  3576 | D:3      | Noticed an ogre
  3584 | D:3      | Reached skill level 1 in Conjurations
  3584 | D:3      | Reached skill level 1 in Hexes
  3584 | D:3      | Killed an ogre
  3585 | D:3      | Reached skill level 1 in Necromancy
  3883 | D:4      | Reached XP level 7. HP: 10/51 MP: 9/13
  3884 | D:4      | Gained mutation: Your flesh is heat resistant. (rF+)
                  | [potion of mutation]
  3884 | D:4      | Gained mutation: You have sharp fingernails. [potion of
                  | mutation]
  3884 | D:4      | Gained mutation: Your muscles are strong. (Str +2) [potion
                  | of mutation]
  3886 | D:4      | HP: 2/51 [poisoned by a scorpion]
  3887 | D:4      | Succumbed to a scorpion's poison

Illustrated notes

Levels and vault maps discovered:
D:1:      lightli_arrival_farm, layout_loops_ring
D:2:      layout_loops_corners, dreamdust_ecumenical_altar_angels_and_demons,
          serial_undead, serial_undead_c, serial_undead_c, serial_undead_a,
          serial_undead_d
D:3:      layout_rooms, minitemple, minmay_divided_ellipse
D:4:      layout_loops_ring, serial_park_tiny_2

Skill      XL: |  1  2  3  4  5  6 |
---------------+-------------------+-----
Spellcasting   | 3 4 |  4.5
Fighting       | 1 2 |  2.3
Conjurations   | 2 |  2.7
Hexes          | 2 |  2.4
Necromancy     | 2 |  2.0
Dodging        | |  1.7
Stealth        | |  2.4
Ice Magic      | |  4.7

Action                   |  1- 3 |  4- 6 |  7- 9 || total
-------------------------+-------+-------+-------++-------
Melee: Unarmed           |     7 |       |       ||     7
       Dagger            |    48 |     3 |       ||    51
       Club              |     3 |       |       ||     3
       Flail             |       |    84 |       ||    84
Throw: Stone             |       |     3 |       ||     3
 Cast: Freeze            |    22 |       |       ||    22
       Frozen Ramparts   |     1 |     5 |       ||     6
  Use: Scroll            |       |    10 |       ||    10
       Potion            |       |     1 |     5 ||     6
 Stab: Sleeping          |     1 |     4 |       ||     5
Armor: Robe              |    17 |    49 |       ||    66
Dodge: Dodged            |    59 |    60 |       ||   119

Table legend: (Time is in decaauts)
 A = Elapsed time spent in this place.
 B = Non-inter-level travel time spent in this place.
 C = Inter-level travel time spent in this place.
 D = Time resting spent in this place.
 E = Time spent auto-exploring this place.
 F = Levels seen in this place.
 G = Mean time per level.
                   A        B        C        D        E       F      G
               +--------+--------+--------+--------+--------+-----+--------+
         Total |   3942 |   3824 |    118 |      0 |   3077 |   4 |  985.5 |
       Dungeon |   3942 |   3824 |    118 |      0 |   3077 |   4 |  985.5 |
               +--------+--------+--------+--------+--------+-----+--------+

Top non-repeatable levels by time:
     D:2: 1530 daAuts
     D:3: 1232 daAuts
     D:1: 1160 daAuts
     D:4: 19 daAuts
